 Dungeon Crawl Stone Soup version 0.24.0-29-g8ce449bc06 (webtiles) character file.

Game seed: 5629576840381433903, levelgen mode: deterministic

88 Grit the Ducker (level 4, 0/35 HPs)
             Began as a Demonspawn Gladiator on Nov 14, 2019.
             Was a Believer of Uskayaw.
             Killed from afar by an orc wizard (10 damage)
             ... with a magic dart
             ... on level 2 of the Dungeon.
             The game lasted 00:03:52 (2038 turns).

Grit the Ducker (Demonspawn Gladiator)              Turns: 2038, Time: 00:03:54

Health: 0/35       AC:  6    Str: 14    XL:     4   Next: 29%
Magic:  4/4        EV: 13    Int: 10    God:    Uskayaw [**....]
Gold:   58         SH:  0    Dex: 15    Spells: 3/3 levels left

rFire    + . .     SeeInvis .   a - +0 long sword
rCold    . . .     Gourm    .   (no shield)
rNeg     . . .     Faith    .   b - +0 leather armour
rPois    .         Spirit   .   c - +0 helmet
rElec    .         Reflect  .   (no cloak)
rCorr    .         Harm     .   g - +0 pair of gloves
MR       .....                  (no boots)
Stlth    +.........             (no amulet)
HPRegen  0.11/turn              (no ring)
MPRegen  0.09/turn              (no ring)

@: no status effects
A: claws 1, rugged brown scales 1, fire resistance 1
a: Stomp, Line Pass, Renounce Religion


You were on level 2 of the Dungeon.
You worshipped Uskayaw.
Uskayaw was noncommittal.
You were hungry.

You visited 1 branch of the dungeon, and saw 3 of its levels.

You collected 58 gold pieces.

Inventory:

Hand Weapons
 a - a +0 long sword (weapon)
Missiles
 d - 3 throwing nets (quivered)
Armour
 b - a +0 leather armour (worn)
 c - a +0 helmet (worn)
 g - a +0 pair of gloves (worn)
Scrolls
 e - 3 scrolls of remove curse {unknown}
 i - 3 scrolls of amnesia {unknown}
 j - a scroll of identify {unknown}
Potions
 h - 2 potions of curing {unknown}
Comestibles
 f - 2 rations
 k - 2 chunks of flesh


   Skills:
 - Level 2.5 Fighting
 * Level 3.6 Long Blades
 - Level 1.7 Throwing
 * Level 3.6 Dodging


You had 3 spell levels left.
You didn't know any spells.
Your spell library was empty.

Dungeon Overview and Level Annotations

Branches:
Dungeon (3/15)

Altars:
Hepliaklqana
Okawaru
Uskayaw


Innate Abilities, Weirdness & Mutations

You have sharp fingernails.
You are partially covered in rugged brown scales. (AC +1, +3% HP)
Your flesh is heat resistant. (rF+)


Message History

You kill the orc!
The orc wizard gestures at you while chanting.
The magic dart hits you.
* * * LOW HITPOINT WARNING * * *
You can now pass through a line of other dancers.
The orc wizard hits you but does no damage.
You miss the orc wizard.
The orc wizard is lightly wounded.
The orc wizard hits you but does no damage.
You closely miss the orc wizard.
The orc wizard is lightly wounded.
The orc wizard misses you.
You riposte.
You barely miss the orc wizard.
The orc wizard is lightly wounded.
You barely miss the orc wizard.
The orc wizard is lightly wounded.
The orc wizard hits you with a +0 dagger.
* * * LOW HITPOINT WARNING * * *
The orc wizard casts a spell at you. The magic dart hits you!
You die...

##...########.##.._..##.#
##.## #..#.).).#..##### #.#
#...)............ #.#
#....###...#.#### #.#
#.#)..#...##.# # #.#
#.##.....###.# #
#.#########............# #
#.........o############# #
##########@# # #># ##### #
####### #)# #...#########
#.....# #.# #............
#.###.####.####....#####...
#######.# #.##.(...###.#.#
###. ........#
#.##.....###.#.# #.
######### #............#.#
#. ####.....#####.# #.


You could see an orc wizard.

Vanquished Creatures
  4 adders
  A worm (D:2)
  A leopard gecko (D:3)
  3 orcs
  8 bats
  A giant cockroach (D:1)
  2 goblins
  10 hobgoblins
  3 jackals (D:2)
  2 kobolds (D:2)
  A quokka (D:2)
  9 rats
45 creatures vanquished.

Notes
Turn   | Place    | Note
-------+----------+-------------------------------------------
     0 | D:1      | Grit the Demonspawn Gladiator began the quest for the Orb.
     0 | D:1      | Reached XP level 1. HP: 16/16 MP: 1/1
   299 | D:1      | Gained mutation: Your flesh is heat resistant. (rF+)
                  | [demonic ancestry]
   299 | D:1      | Reached XP level 2. HP: 22/22 MP: 2/2
   770 | D:1      | Found a hide-covered altar of Uskayaw.
   776 | D:1      | Became a worshipper of Uskayaw the Reveler
   812 | D:1      | Reached * piety under Uskayaw
   816 | D:1      | Reached ** piety under Uskayaw
  1035 | D:2      | Gained mutation: You are partially covered in rugged brown
                  | scales. (AC +1, +3% HP) [demonic ancestry]
  1035 | D:2      | Reached XP level 3. HP: 15/28 MP: 3/3
  1358 | D:2      | Found an iron altar of Okawaru.
  1469 | D:2      | Reached *** piety under Uskayaw
  1829 | D:2      | Gained mutation: You have sharp fingernails. [demonic
                  | ancestry]
  1829 | D:2      | Reached XP level 4. HP: 35/35 MP: 4/4
  1911 | D:2      | Found a hazy altar of Hepliaklqana.
  2038 | D:2      | Killed from afar by an orc wizard

Levels and vault maps discovered:
D:1:      shiori_arrival_maze, layout_basic, kennysheep_flooded_box
D:2:      layout_loops_ring, lemuel_round_altar, okawaru_ov_weapons_minmay
D:3:      layout_rooms

Skill      XL: |  1  2 |
---------------+-------+-----
Long Blades    | 3 |  3.6
Dodging        | 3 |  3.6
Fighting       | |  2.5
Throwing       | |  1.7

Action                   |  1- 3 |  4- 6 || total
-------------------------+-------+-------++-------
Melee: Long sword        |    85 |    24 ||   109
 Stab: Sleeping          |     2 |     1 ||     3
       Paralysed         |     1 |     1 ||     2
  Eat: Chunk             |     2 |     1 ||     3
Armor: Leather armour    |    32 |    16 ||    48
Dodge: Dodged            |    86 |    19 ||   105
       Rpst.: Long sword |    27 |     6 ||    33
